 Dungeon Crawl Stone Soup version 0.29-a0-284-gf9362112df (webtiles) character file.

Game seed: 10606881586121733520

161 sammy202020 the Skirmisher (level 5, -3/48 HPs)
             Began as a Minotaur Berserker on Mar 27, 2022.
             Was a Believer of Trog.
             Killed from afar by an electric eel (13 damage)
             ... with a bolt of electricity
             ... on level 3 of the Dungeon.
             The game lasted 00:05:34 (2598 turns).

sammy202020 the Skirmisher (Minotaur Berserker)     Turns: 2598, Time: 00:05:35

Health: -3/48      AC: 10    Str: 22    XL:     5   Next: 18%
Magic:  4/4        EV:  8    Int:  6    God:    Trog [**....]
Gold:   134        SH:  0    Dex:  9    Spells: 4/4 levels left

rFire   . . .      SeeInvis .   a - +0 hand axe
rCold   . . .      Faith    .   (no shield)
rNeg    + . .      Spirit   .   b - +0 chain mail
rPois   .          Reflect  .   (helmet restricted)
rElec   .          Harm     .   (no cloak)
rCorr   .          Rampage  .   m - +0 pair of gloves
Will    .....                   (no boots)
Stlth   ..........              (no amulet)
HPRegen 0.16/turn               f - ring of flight
MPRegen 0.09/turn               i - ring of positive energy

@: flying
A: horns 2, retaliatory headbutt
a: Renounce Religion, Berserk, Trog's Hand


You were on level 3 of the Dungeon.
You worshipped Trog.
Trog was pleased with you.
You visited 1 branch of the dungeon, and saw 3 of its levels.

You collected 134 gold pieces.

Inventory:

Hand Weapons
 a - a +0 hand axe (weapon)
Armour
 b - a +0 chain mail (worn)
 m - a +0 pair of gloves (worn)
Jewellery
 f - a ring of flight (left hand)
 g - a +4 ring of protection
 i - a ring of positive energy (right hand)
Wands
 n - a wand of flame (10)
Scrolls
 d - a scroll of vulnerability {unknown}
 h - a scroll of teleportation
 k - a scroll of fog {unknown}
 l - a scroll of brand weapon {unknown}
Potions
 c - 2 potions of attraction
 e - 2 potions of cancellation
 j - a potion of degeneration {unknown}


   Skills:
 * Level 5.1 Fighting
 * Level 5.0 Axes
 + Level 3.4 Armour
 + Level 3.1 Dodging


You had 4 spell levels left.
You didn't know any spells.
Your spell library was empty.

Dungeon Overview and Level Annotations

Branches:
Dungeon (3/15)

Altars:
Sif Muna

Annotations:
D:3 1 transporter


Innate Abilities, Weirdness & Mutations

You have a pair of horns on your head.
You reflexively headbutt those who attack you in melee.


Message History

Your Axes skill increases to level 5!
You have reached level 5!
There is an open door here.
There is an open door here.
You see here the felid corpse of Natasha.
You reach down and open the door.
There is an open door here.
You reach down and open the door.
Found a stone staircase leading up.
There is an open door here.
Found a rapier.
As you open the door, it creaks loudly!
Found a quarterstaff.
No target in view!
There is an open door here.
As you open the door, it creaks loudly!
Found a transporter.
Found 5 javelins.
No reachable target in view!
No reachable target in view!
No reachable target in view!
No reachable target in view!
Found a transporter.
There is a transporter landing site here.
There is a transporter here.
You enter the transporter and appear at another place.
n - a wand of flame (10)
You reach down and open the door.
The electric eel shoots out a bolt of lightning at you!
The bolt of electricity hits you!
The electric eel shoots out a bolt of lightning at you!
The bolt of electricity hits you! x2; The bolt of electricity hits the plant!
The plant begins to die.
There is an open door here.
The electric eel shoots out a bolt of lightning at you!
The bolt of electricity hits you!
* * * LOW HITPOINT WARNING * * *
The electric eel shoots out a bolt of lightning at you!
The bolt of electricity hits you!
You die...

#######.#### #.##..
#..'..
#####################.. #
#.................# #..
#.#.###############.# #..
#.#.#8P#SS≈≈≈≈≈#P8#.###..
#...#..#..≈≈≈≈≈#..#..##..
#..©#©.'@.S⌠≈≈≈+$©#©..#..
##..#..#..≈≈≈≈≈#..#......
##.#8P#≈≈≈≈≈≈≈#P8#.###..
#.###############.# #..
#..........(......# ###
###################


You could see 3 electric eels.

Vanquished Creatures
  Natasha (D:3)
  Terence (D:2)
  6 adders
  A dart slug (D:1)
  3 endoplasms
  A giant cockroach (D:3)
  5 goblins
  7 hobgoblins
  4 jackals (D:1)
  4 quokkas
  8 ball pythons
  5 bats
  2 frilled lizards
  4 kobolds
  3 rats
55 creatures vanquished.

Vanquished Creatures (others)
  2 plants (D:3)
2 creatures vanquished.

Grand Total: 57 creatures vanquished

Notes
Turn   | Place    | Note
-------+----------+-------------------------------------------
     0 | D:1      | sammy202020 the Minotaur Berserker began the quest for the
                  | Orb.
     0 | D:1      | Reached XP level 1. HP: 19/19 MP: 0/0
   144 | D:1      | Found a faded altar of an unknown god.
   440 | D:1      | Reached XP level 2. HP: 24/27 MP: 1/1
  1127 | D:2      | Reached XP level 3. HP: 33/33 MP: 2/2
  1210 | D:2      | Reached ** piety under Trog
  1489 | D:2      | Noticed Terence
  1498 | D:2      | Killed Terence
  1499 | D:2      | Reached XP level 4. HP: 29/41 MP: 3/3
  1710 | D:2      | Found a shimmering blue altar of Sif Muna.
  2387 | D:3      | Reached skill level 5 in Fighting
  2475 | D:3      | Noticed Natasha
  2482 | D:3      | Killed Natasha
  2483 | D:3      | Reached skill level 5 in Axes
  2483 | D:3      | Reached XP level 5. HP: 47/48 MP: 4/4
  2539 | D:3      | Found a transporter.
  2555 | D:3      | Found a transporter.
  2598 | D:3      | Killed from afar by an electric eel

Illustrated notes

Levels and vault maps discovered:
D:1:      dpeg_arrival_shrine, layout_loops_ring,
          nicolae_ecumenical_snake_handling, roderic_lattice_a, st_stairs_5
D:2:      layout_loops_ring, basic_altar, uniq_terence
D:3:      gammafunk_steamed_eel, layout_basic, mainiacjoe_overflow_alcove_4,
          minmay_misc_feat_encased, serial_bayou_crossing, uniq_natasha

Skill      XL: |  1  2  3  4 |
---------------+-------------+-----
Fighting       | 4 5 |  5.1
Axes           | 4 5 |  5.0
Armour         | 3 |  3.4
Dodging        | 3 |  3.1

Action                   |  1- 3 |  4- 6 || total
-------------------------+-------+-------++-------
Melee: Hand axe          |    75 |    55 ||   130
       Headbutt          |     9 |     4 ||    13
       Punch             |     1 |       ||     1
Invok: Berserk           |     1 |       ||     1
  Use: Scroll            |     4 |       ||     4
Armor: Animal skin       |    14 |       ||    14
       Leather armour    |     8 |       ||     8
       Chain mail        |       |    30 ||    30
Dodge: Dodged            |    61 |    28 ||    89

Table legend: (Time is in decaauts)
 A = Elapsed time spent in this place.
 B = Non-inter-level travel time spent in this place.
 C = Inter-level travel time spent in this place.
 D = Time resting spent in this place.
 E = Time spent auto-exploring this place.
 F = Levels seen in this place.
 G = Mean time per level.
                   A        B        C        D        E       F      G
               +--------+--------+--------+--------+--------+-----+--------+
         Total |   2615 |   2603 |     12 |      0 |   2163 |   3 |  871.7 |
       Dungeon |   2615 |   2603 |     12 |      0 |   2163 |   3 |  871.7 |
               +--------+--------+--------+--------+--------+-----+--------+

Top non-repeatable levels by time:
     D:2: 1147 daAuts
     D:1: 1118 daAuts
     D:3: 349 daAuts
